 Dungeon Crawl Stone Soup version 0.29-a0-369-gd956c00756 (webtiles) character file.

Game seed: 11769903197579471645

7 holysushi the Cutter (level 2, -2/19 HPs)
             Began as a Kobold Monk on May 2, 2022.
             Slain by a gnoll
             ... wielding a +0 spear
              (6 damage)
             ... on level 1 of the Dungeon.
             The game lasted 00:00:09 (207 turns).

holysushi the Cutter (Kobold Monk)                   Turns: 207, Time: 00:00:09

Health: -2/19      AC:  2    Str:  8    XL:     2   Next: 5%
Magic:  2/2        EV: 16    Int: 11    God:
Gold:   13         SH:  0    Dex: 17    Spells: 1/1 levels left

rFire   . . .      SeeInvis .   a - +0 short sword
rCold   . . .      Faith    .   (no shield)
rNeg    . . .      Spirit   .   b - +0 robe
rPois   .          Reflect  .   (no helmet)
rElec   .          Harm     .   (no cloak)
rCorr   .          Rampage  .   (no gloves)
Will    .....                   (no boots)
Stlth   +++.......              (no amulet)
HPRegen 0.06/turn               (no ring)
MPRegen 0.08/turn               (no ring)

@: no status effects
A: small, no large weapons, nightstalker 3
a: no special abilities


You were on level 1 of the Dungeon.
You visited 1 branch of the dungeon, and saw 1 of its levels.

You collected 13 gold pieces.

Inventory:

Hand Weapons
 a - a +0 short sword (weapon)
Armour
 b - a +0 robe (worn)
Potions
 c - a potion of ambrosia


   Skills:
 + Level 3.4 Fighting
 * Level 4.4 Short Blades
 - Level 3.6 Dodging
 - Level 2.6 Stealth


You had one spell level left.
You didn't know any spells.
Your spell library was empty.

Dungeon Overview and Level Annotations

Branches:
Dungeon (1/15)

Altars:


Innate Abilities, Weirdness & Mutations

You are small and have problems with some larger weapons.
You are completely attuned to the shadows.


Message History

There are monsters nearby!
You hit the kobold.
You kill the kobold!
An endoplasm is nearby!
The endoplasm barely misses you.
An endoplasm is nearby!
An endoplasm is nearby!
You hit the endoplasm but do no damage. The endoplasm freezes you.
You are frozen.
An endoplasm is nearby!
You hit the endoplasm.
The endoplasm is almost dead.
The endoplasm barely misses you.
You hit the endoplasm.
You kill the endoplasm!
You have reached level 2!
You start resting.
HP restored.
Things that are here:
a +0 club; a stone No target in view!
You now have 13 gold pieces (gained 6).
A gnoll comes into view. It is wielding a +0 spear.
A gnoll is nearby!
A gnoll is nearby!
The gnoll shouts!
The gnoll hits you from afar with a +0 spear.
A gnoll is nearby!
The gnoll hits you with a +0 spear.
A gnoll is nearby!
You hit the gnoll but do no damage. The gnoll misses you.
You barely miss the gnoll.
A gnoll is nearby!
You barely miss the gnoll. The gnoll misses you.
You closely miss the gnoll. The gnoll hits you with a +0 spear.
You closely miss the gnoll. The gnoll hits you with a +0 spear!
* * * LOW HITPOINT WARNING * * *
You barely miss the gnoll. The gnoll hits you with a +0 spear.
You die...

###.#..##........
.......##..#..###
#..........#..#
#.#.#.#.###..#..##
##.#.#......).......
....#.#.#.##..#.#.#
#.#.......#.....#.#
#.#.#.#.#.#...### #
#.@...........#
#g..#.#......##
..........
#.......#. ####.##..


You could see a gnoll.

Vanquished Creatures
  A bat (D:1)
  An endoplasm (D:1)
  2 giant cockroaches (D:1)
  A kobold (D:1)
5 creatures vanquished.

Notes
Turn   | Place    | Note
-------+----------+-------------------------------------------
     0 | D:1      | holysushi the Kobold Monk began the quest for the Orb.
     0 | D:1      | Reached XP level 1. HP: 14/14 MP: 1/1
    84 | D:1      | Reached XP level 2. HP: 12/19 MP: 2/2
   207 | D:1      | Slain by a gnoll

Illustrated notes

Levels and vault maps discovered:
D:1:      minmay_arrival_cross, layout_basic, shapermc_ecumenical_altar_pompeii

Action                   || total
-------------------------++-------
Melee: Short sword       ||    13
 Stab: Sleeping          ||     3
Dodge: Dodged            ||     4

Table legend: (Time is in decaauts)
 A = Elapsed time spent in this place.
 B = Non-inter-level travel time spent in this place.
 C = Inter-level travel time spent in this place.
 D = Time resting spent in this place.
 E = Time spent auto-exploring this place.
 F = Levels seen in this place.
 G = Mean time per level.
                   A        B        C        D        E       F      G
               +--------+--------+--------+--------+--------+-----+--------+
         Total |    205 |    205 |      0 |    106 |     65 |   1 |  205.0 |
       Dungeon |    205 |    205 |      0 |    106 |     65 |   1 |  205.0 |
               +--------+--------+--------+--------+--------+-----+--------+

Top non-repeatable levels by time:
     D:1: 205 daAuts
